 Dungeon Crawl Stone Soup version 0.17.0-7-gfadd4cc (webtiles) character file.

2803 septik the Basher (level 9, -1/59 HPs)
             Began as a Gargoyle Fighter on Nov 8, 2015.
             Was an Initiate of Okawaru.
             Killed by divine providence
             ... invoked by an orc priest
              (15 damage)
             ... on level 7 of the Dungeon.
             The game lasted 00:22:10 (6842 turns).

septik the Basher (Gargoyle Fighter)                Turns: 6842, Time: 00:22:10

Health: -1/59      AC: 28    Str: 22    XL:     9   Next: 71%
Magic:  9/9        EV:  6    Int: 14    God:    Okawaru [......]
Gold:   202        SH:  9    Dex: 10    Spells: 0 memorised, 8 levels left

rFire  . . .     SeeInvis .     B - +2 whip (flame)
rCold  + + +     Clarity  .     I - +8 chain mail "Roij" {rC++}
rNeg   + . .     SustAt   .     c - +0 shield
rPois  ∞         Gourm    .     K - +0 helmet {Int+3}
rElec  +         Spirit   .     M - +0 cloak
rCorr  .         Warding  .     H - +0 pair of gloves (curse)
rMut   .         Stasis   .     (no boots)
MR     .....                    (no amulet)
Stlth  ..........               i - ring of stealth
                                r - ring of protection from cold

@: not resistant to hostile enchantments, extremely unstealthy
A: clever 1, negative energy resistance 1, electricity resistance, unbreathing,
petrification resistance, rot immunity, AC +5
a: Renounce Religion


You were on level 7 of the Dungeon.
You worshipped Okawaru.
Okawaru was noncommittal.
You were hungry.

You visited 1 branch of the dungeon, and saw 7 of its levels.

You collected 202 gold pieces.

Inventory:

Hand Weapons
 a - a +0 flail
 B - a +2 whip of flaming (weapon)
Missiles
 h - 156 stones (quivered)
 k - 49 poisoned needles
 q - 2 throwing nets
Armour
 b - a +0 scale mail
 c - a +0 shield (worn)
 H - a cursed +0 pair of gloves (worn)
 I - the +8 chain mail "Roij" (worn) {rC++}
   (You found it on level 6 of the Dungeon)

   It greatly protects you from cold.
 K - a +0 helmet of intelligence (worn)
 M - a +0 cloak (worn)
Jewellery
 i - a ring of stealth (right hand)
 r - a ring of protection from cold (left hand)
 E - a +1 ring of evasion {unknown}
 J - an uncursed ring of flight {unknown}
Wands
 s - a wand of slowing (32)
Scrolls
 d - a scroll of blinking {unknown}
 f - 3 scrolls of identify
 g - 5 scrolls of remove curse {unknown}
 j - 2 scrolls of enchant weapon {unknown}
 l - 3 scrolls of magic mapping {unknown}
 t - 3 scrolls of amnesia {unknown}
 u - a scroll of enchant armour {unknown}
 w - a scroll of teleportation {unknown}
 y - 2 scrolls of fog {unknown}
 C - a scroll of recharging {unknown}
 L - a scroll of noise {unknown}
Potions
 n - 2 potions of invisibility
 o - 3 potions of curing
 A - a potion of agility
 D - a potion of cure mutation {unknown}
 G - a potion of mutation {unknown}
 N - a potion of berserk rage {unknown}
 O - a potion of flight {unknown}
Books
 v - a book of Power

   Spells                             Type                      Level
   a - Fulminant Prism                Conjuration/Hexes            4
   b - Iskenderun's Mystic Blast      Conjuration                  4
   c - Venom Bolt                     Conjuration/Poison           5
   d - Bolt of Magma                  Conjuration/Fire/Earth       5
   e - Iron Shot                      Conjuration/Earth            6
   f - Orb of Destruction             Conjuration                  7
   g - Spellforged Servitor           Conjuration/Summoning        7
 F - a book of Summonings

   Spells                             Type                      Level
   a - Recall                         Summoning/Translocation      3
   b - Aura of Abjuration             Summoning                    5
   c - Shadow Creatures               Summoning                    5
   d - Summon Demon                   Summoning                    5
   e - Summon Forest                  Summoning/Translocation      5
   f - Summon Mana Viper              Hexes/Summoning              5
Comestibles
 e - a bread ration
 m - a beef jerky
 p - a fruit
 x - 2 meat rations
 z - 2 royal jellies


   Skills:
 + Level 7.8 Fighting
 * Level 9.5 Maces & Flails
 + Level 7.7 Armour
 - Level 1.0 Dodging
 - Level 3.2 Shields


You had 8 spell levels left.
You didn't know any spells.

Dungeon Overview and Level Annotations

Branches:
Dungeon (7/15)             Temple (0/1) D:7

Altars:
Fedhas
Gozag
Nemelex Xobeh
Okawaru
Sif Muna
Zin

Annotations:
D:6 exclusion: oklob plant


Innate Abilities, Weirdness & Mutations

You are resistant to torment.
Your stone body is resilient (AC +5).
You are immune to poison.
You resist negative energy.
You are resistant to electric shocks.
You can survive without breathing.
You are immune to petrification.
You are immune to rotting.
Your mind is acute. (Int +2)


Message History

You block the orc priest's attack.
You closely miss the orc priest.
The orc priest hits you but does no damage. x2
You barely miss the orc priest. You block the orc priest's attack.
An orc priest comes into view. It is wielding a hand axe.
You are feeling hungry.
The orc priest shouts!
You hit the orc priest. You burn the orc priest.
The orc priest is heavily wounded.
You block the orc priest's attack.
The orc priest hits you but does no damage.
The orc priest invokes the aid of Beogh against you.
Something smites you!
The orc priest invokes the aid of Beogh against you.
Pain shoots through your body!
* * * LOW HITPOINT WARNING * * *
The orc priest closely misses you.
The orc priest calls down the wrath of Beogh upon you.
Something smites you!
You die...

#.#...............#...
#.#...........#.###.##
#.#...........#.# #.#
#.#...........#.###'##
#.#.....#.....#.......
#.#.o...#######.......
#.#.#.o.................
#.o.))#o..............##
###.#.#@################
#.#.#.# ....... ..###.#
####### ... ..# ....
..## ........ ###
......... #.. ..... .
#.. ...... . #..


You could see 3 orc priests.

Vanquished Creatures
  Pikel (D:4)
  Grinder (D:4)
  A hungry ghost (D:6)
  3 slaves (D:3)
  3 ogres
  3 centaurs
  A black bear (D:6)
  3 giant frogs
  A water moccasin skeleton (D:7)
  9 jellies
  A giant frog zombie (D:5)
  Ijyb (D:3)
  2 hounds
  An iguana (D:5)
  7 orc wizards
  7 worker ants
  A hound zombie (D:7)
  A worker ant zombie (D:5)
  A hound skeleton (D:5)
  3 gnolls (D:4)
  11 adders
  A shadow imp (D:6)
  12 oozes
  An adder zombie (D:7)
  3 worms
  2 giant geckos
  34 orcs
  6 goblins
  9 hobgoblins
  3 jackals (D:1)
  2 quokkas
  A ball python (D:1)
  8 bats
  6 giant cockroaches
  4 giant newts
  A jackal zombie (D:5)
  10 kobolds
  A quokka zombie (D:6)
  3 rats
169 creatures vanquished.

Vanquished Creatures (others)
  An orc (D:4)
  9 fungi (D:6)
10 creatures vanquished.

Grand Total: 179 creatures vanquished

Notes
Turn   | Place    | Note
--------------------------------------------------------------
     0 | D:1      | septik the Gargoyle Fighter began the quest for the Orb.
     0 | D:1      | Reached XP level 1. HP: 14/14 MP: 1/1
    86 | D:1      | Reached XP level 2. HP: 14/19 MP: 2/2
   310 | D:1      | Reached XP level 3. HP: 21/23 MP: 3/3
   439 | D:2      | Found a blossoming altar of Fedhas.
   483 | D:2      | Reached skill level 1 in Dodging
   590 | D:2      | Reached XP level 4. HP: 27/29 MP: 4/4
   649 | D:2      | Found a faded altar to an unknown god.
   994 | D:2      | Reached skill level 4 in Armour
  1350 | D:3      | Reached XP level 5. HP: 33/33 MP: 5/5
  1428 | D:3      | Noticed Ijyb
  1447 | D:3      | Killed Ijyb
  1525 | D:3      | Found a glowing silver altar of Zin.
  1525 | D:3      | Found a deep blue altar of Sif Muna.
  2219 | D:4      | Reached XP level 6. HP: 38/38 MP: 6/6
  2443 | D:4      | Found an opulent altar of Gozag.
  2444 | D:4      | Found a sparkling altar of Nemelex Xobeh.
  2568 | D:4      | Noticed a slave
  2568 | D:4      | Noticed a slave
  2572 | D:4      | Noticed a slave
  2573 | D:4      | Noticed a slave
  2625 | D:3      | Killed a slave
  2632 | D:3      | HP: 2/58 [slave[Pikel] (1)]
  2637 | D:3      | HP: 2/58 [slave[Pikel] (1)]
  2638 | D:3      | Killed a slave
  2945 | D:4      | Reached skill level 5 in Maces & Flails
  3016 | D:3      | Killed a slave
  3030 | D:4      | Noticed Pikel
  3059 | D:4      | Killed Pikel
  3059 | D:4      | Reached skill level 5 in Fighting
  3059 | D:4      | Reached skill level 6 in Maces & Flails
  3059 | D:4      | Reached skill level 5 in Armour
  3059 | D:4      | Reached XP level 7. HP: 23/44 MP: 7/7
  3243 | D:4      | Noticed Grinder
  3263 | D:4      | Killed Grinder
  3263 | D:4      | Reached XP level 8. HP: 44/51 MP: 8/8
  3402 | D:4      | Noticed an ogre
  3438 | D:4      | Killed an ogre
  3438 | D:4      | Reached skill level 7 in Maces & Flails
  3461 | D:4      | Gained mutation: Your mind is acute. (Int +2) [potion of beneficial mutation]
  3665 | D:5      | Entered Level 5 of the Dungeon
  4723 | D:5      | Reached skill level 8 in Maces & Flails
  4978 | D:6      | Reached XP level 9. HP: 15/56 MP: 9/9
  5233 | D:6      | Got an ichor-stained chain mail
  5244 | D:6      | Identified the +8 chain mail "Roij" {rC++} (You found it on level 6 of the Dungeon)
  5674 | D:6      | Found an iron altar of Okawaru.
  5679 | D:6      | Became a worshipper of Warmaster Okawaru
  5863 | D:6      | Noticed an oklob plant
  5881 | D:6      | Reached skill level 9 in Maces & Flails
  6572 | D:7      | Found a staircase to the Ecumenical Temple.
  6842 | D:7      | Killed from afar by an orc priest

Action                   |  1- 3 |  4- 6 |  7- 9 || total
-------------------------+-------+-------+-------++-------
Melee: Flail             |   124 |   317 |       ||   441
       Whip              |       |       |   518 ||   518
  Use: Potion            |       |     3 |     4 ||     7
       Scroll            |       |       |     4 ||     4
  Eat: Chunk             |       |     8 |    11 ||    19
       Bread ration      |       |       |     2 ||     2
